 Dungeon Crawl Stone Soup version 0.21.1-1-g345015f (webtiles) character file.

105 solstalker the Poker (level 4, -11/40 HPs)
             Began as a Minotaur Monk on Mar 29, 2018.
             Engulfed by a cloud of flame (32 damage)
             ... on level 2 of the Dungeon.
             The game lasted 00:16:42 (1622 turns).

solstalker the Poker (Minotaur Monk)                Turns: 1622, Time: 00:16:42

Health: -11/40     AC: 12    Str: 17    XL:     4   Next: 54%
Magic:  3/3        EV: 12    Int:  7    God:
Gold:   74         SH:  0    Dex: 12    Spells: 3/3 levels left

rFire    . . .     SeeInvis +   r - +1 mace (protect)
rCold    . . .     Gourm    .   (no shield)
rNeg     . . .     Faith    .   n - +0 ring mail
rPois    .         Spirit   .   (helmet restricted)
rElec    .         Reflect  .   (no cloak)
rCorr    .         Harm     .   (no gloves)
MR       .....                  (no boots)
Stlth    +.........             h - amulet of regeneration
HPRegen  0.53/turn              i - ring of see invisible
MPRegen  0.08/turn              j - ring of wizardry

@: protection aura
A: retaliatory headbutt, horns 2
a: no special abilities


You were on level 2 of the Dungeon.
You were full.

You visited 1 branch of the dungeon, and saw 2 of its levels.

You collected 74 gold pieces.

Inventory:

Hand Weapons
 a - a +0 spear
 d - a +0 club
 e - a cursed -1 club
 f - a +0 spear
 r - a +1 mace of protection (weapon)
 v - a +0 short sword
 w - a +0 whip
Missiles
 g - 80 stones (quivered)
 k - 32 bolts
 l - 60 sling bullets
 m - 49 arrows
Armour
 b - a +0 robe
 n - a +0 ring mail (worn)
 t - a +0 robe
 y - a +0 leather armour
 A - a +0 ring mail
 B - a +0 robe
Jewellery
 h - an amulet of regeneration (around neck)
 i - a ring of see invisible (left hand)
 j - a ring of wizardry (right hand)
Scrolls
 o - a scroll of teleportation
 p - 2 scrolls of fog
Potions
 q - 2 potions of curing
 u - 3 potions of lignification
 z - a potion of might {unknown}
Comestibles
 c - 3 rations
 s - a chunk of flesh


   Skills:
 + Level 4.2 Fighting
 + Level 0.5 Maces & Flails
 + Level 4.6 Polearms
 + Level 1.8 Throwing
 + Level 0.7 Armour
 + Level 3.9 Dodging
 + Level 1.6 Stealth


You had 3 spell levels left.
You didn't know any spells.

Dungeon Overview and Level Annotations

Branches:
Dungeon (2/15)

Altars:


Innate Abilities, Weirdness & Mutations

You reflexively headbutt those who attack you in melee.
You have a pair of horns on your head.


Message History

An adder comes into view.
The hobgoblin shouts!
The adder hisses angrily.
As you read the scroll of immolation, it crumbles to dust.
The creatures around you are filled with an inner flame!
The adder barely misses you. You furiously retaliate!
You headbutt the adder. You hit the adder.
Your weapon exudes an aura of protection.
The adder is almost dead.
The adder barely misses you. The adder closely misses you.
You hit the adder.
The adder explodes!
The fiery explosion engulfs the hobgoblin.
The hobgoblin explodes!
The fiery explosion engulfs the goblin.
The goblin explodes!
The fiery explosion engulfs the worm.
The worm explodes!
The fiery explosion engulfs you!
You are engulfed in blazing flames.
Ouch! That really hurt!
You die...

..## #.#*,*,#...#.#.##.#
...## #.#**,#..#..#.###.#
....# #.#*,#..###..#.##.#
.♣..# #.#*#..##.##..###.#
♣_♣.####.##..##..%##..##.#
.♣.......##.#*§§§§.##.##.#
.....######..**§§§##..##.#
###.## *#(.*#§##..###.#
..).# *,#..#@#..#.##.#
###.# **,#.....#.###.# #.#
*,#.#...#.#.##.# #.#
**#*#########..# #.# #.###
#.# #.# #.# #.# #.#
############.# #.#
#............#


There were no monsters in sight!

Vanquished Creatures
  4 gnolls (D:2)
  3 adders (D:2)
  A worm (D:2)
  A dart slug (D:2)
  A leopard gecko (D:1)
  A giant cockroach (D:1)
  3 goblins
  6 hobgoblins
  3 jackals (D:2)
  8 bats
  A frilled lizard (D:2)
  A kobold (D:2)
  3 rats (D:2)
36 creatures vanquished.

Notes
Turn   | Place    | Note
-------+----------+-------------------------------------------
     0 | D:1      | solstalker the Minotaur Monk began the quest for the Orb.
     0 | D:1      | Reached XP level 1. HP: 19/19 MP: 0/0
   228 | D:1      | Reached XP level 2. HP: 27/27 MP: 1/1
   726 | D:2      | Found a faded altar of an unknown god.
   801 | D:2      | Reached XP level 3. HP: 33/33 MP: 2/2
   897 | D:2      | Reached skill level 1 in Throwing
  1312 | D:2      | Reached XP level 4. HP: 40/40 MP: 3/3
  1622 | D:2      | Engulfed by a cloud of flame

Skill      XL: |  1  2  3 |
---------------+----------+-----
Polearms       | 4 |  4.6
Fighting       | 4 |  4.2
Throwing       | 1 |  1.8
Maces & Flails | |  0.5
Armour         | |  0.7
Dodging        | |  3.9
Stealth        | |  1.6

Action                   |  1- 3 |  4- 6 || total
-------------------------+-------+-------++-------
Melee: Spear             |    18 |       ||    18
       Headbutt          |    11 |     2 ||    13
       Mace              |    36 |     8 ||    44
Throw: Stone             |    57 |     5 ||    62
  Use: Scroll            |     5 |     1 ||     6
       Potion            |     2 |       ||     2
  Eat: Ration            |     2 |       ||     2
Armor: Robe              |     3 |       ||     3
       Ring mail         |    19 |     5 ||    24
Dodge: Dodged            |    38 |     7 ||    45
